 Dungeon Crawl Stone Soup version 0.31-a0-459-gc8a9bf3d51 (webtiles) character file.

Game seed: 8771653922589619389

44 Ethylacetat the Insei (level 3, 0/4 HPs)
             Began as a Vine Stalker Monk on Aug 4, 2023.
             Slain by an iguana (4 damage)
             ... on level 2 of the Dungeon.
             The game lasted 00:01:24 (811 turns).

Ethylacetat the Insei (Vine Stalker Monk)            Turns: 811, Time: 00:01:25

Health: 0/4        AC:  9    Str: 18    XL:     3   Next: 60%
Magic:  0/6        EV: 10    Int: 10    God:
Gold:   118        SH:  0    Dex: 18    Spells: 4/4 levels left

rFire   . .          .
                       - Unarmed
rCold   . . .        c - melded orb {light}
rNeg    . . .        a - melded +0 robe
rPois   .            (helmet currently unavailable)
rElec   .            (cloak currently unavailable)
rCorr   .            (gloves currently unavailable)
SInv    .            (boots currently unavailable)
Will    .....        (no amulet)
Stlth   ++           (no ring)
HPRegen 0.20/turn    (no ring)
MPRegen 0.10/turn

%: guardian spirit
@: snake-form
A: constrict, reduced hp, large, (fangs 2), magic shield, (antimagic bite), no
potion heal 2
a: Begin Untransformation


You were on level 2 of the Dungeon.
You were an enormous anaconda.
You visited 1 branch of the dungeon, and saw 2 of its levels.

You collected 118 gold pieces.

Inventory:

Armour
 a - a +0 robe (melded)
 c - an orb of light (melded)
 g - a +1 robe of fire resistance
Talismans
 d - a serpent talisman (active)
Scrolls
 f - 2 scrolls of identify {unknown}
 h - a scroll of enchant weapon {unknown}
 j - a scroll of amnesia {unknown}
Potions
 b - a potion of ambrosia
 e - a potion of heal wounds {unknown}
 i - a potion of haste {unknown}


   Skills:
 + Level 3.1 Fighting
 - Level 2.4 Dodging
 + Level 3.4 Unarmed Combat
 + Level 1.3 Spellcasting
 * Level 0.9 Shapeshifting


You had 4 spell levels left.
You didn't know any spells.
Your spell library was empty.

Dungeon Overview and Level Annotations

Branches:
Dungeon (2/15)

Altars:


Innate Abilities, Weirdness & Mutations

You are an enormous anaconda.
You have a powerful constriction melee attack.
Your maximum health is decreased, since you lack skill for your form.
Your armour is entirely melded.
You are incapable of wielding weapons or throwing items.
((You have extremely sharp teeth.))
When hurt, damage is shared between your health and your magic reserves.
((Your bite disrupts and absorbs the magic of your enemies.))
Potions cannot restore your health.


Message History

Found 17 gold pieces.
Found a scroll labelled TEAH NECESTYFERPH.
The adder hisses angrily.
The adder bites you but does no damage.
You hit the adder. Your grab misses the adder.
The adder is lightly wounded.
The adder barely misses you.
You lash the adder!
You kill the adder!
No target in view!
No target in view!
Magic restored.
j - a scroll labelled TEAH NECESTYFERPH No target in view!
No target in view!
You now have 64 gold pieces (gained 8).
You now have 73 gold pieces (gained 9).
You see here an adder corpse.
You now have 90 gold pieces (gained 17).
You now have 95 gold pieces (gained 5).
You now have 110 gold pieces (gained 15).
Found a stone staircase leading down.
No target in view!
There is a stone staircase leading down here.
Found 6 stones.
No target in view!
No target in view!
You now have 118 gold pieces (gained 8).
You see here 6 stones.
An iguana comes into view.
Found a stone staircase leading up.
The iguana hisses angrily.
The iguana closely misses you.
You closely miss the iguana. Your grab misses the iguana.
The iguana bites you but does no damage.
You hit the iguana. Your grab misses the iguana.
The iguana is lightly wounded.
The iguana bites you!
Ouch! That really hurt!
You die...

#.# #.##..
###.## #.##.#
##....####(##.#
..............#
.#.......###..#
.#.#.###.# ##.#
......##.# #.#
......##.#
##.#######.#
....#.##.#
#....Sl....#
###.#.##.#
#...########
#......# #....
###.#.####
#...## ...
...... ..#
....... ..#
......... ..#
..#....... .<#
..


You could see an iguana.

Vanquished Creatures
  An adder (D:2)
  A dart slug (D:1)
  4 ball pythons (D:1)
  2 endoplasms (D:1)
  A giant cockroach (D:1)
  A goblin (D:1)
  4 hobgoblins (D:1)
  8 jackals (D:1)
  A kobold (D:1)
  2 frilled lizards (D:1)
  4 rats (D:1)
29 creatures vanquished.

Notes
Turn   | Place    | Note
-------+----------+-------------------------------------------
     0 | D:1      | Ethylacetat the Vine Stalker Monk began the quest for the
                  | Orb.
     0 | D:1      | Reached XP level 1. HP: 11/11 MP: 2/2
    91 | D:1      | Reached XP level 2. HP: 10/16 MP: 1/3
   164 | D:1      | Reached skill level 1 in Spellcasting
   312 | D:1      | Reached XP level 3. HP: 3/20 MP: 5/5
   811 | D:2      | Slain by an iguana

Illustrated notes

Levels and vault maps discovered:
D:1:      lightli_arrival_chessboard, layout_loops_ring, skrybe_limestone_x
D:2:      layout_loops_cross, small_statue_intersection

Skill      XL: |  1  2 |
---------------+-------+-----
Fighting       | 3 |  3.1
Spellcasting   | 1 |  1.3
Dodging        | |  2.4
Unarmed Combat | |  3.4
Shapeshifting  | |  0.9

Action                     || total
---------------------------++-------
  Melee: Unarmed           ||    71
         Bite              ||     7
         Constrict         ||    11
 Armour: Robe              ||     7
         Skin              ||    19
  Dodge: Dodged            ||    38
   Form: Anaconda          ||     1

Table legend: (Time is in decaauts)
 A = Elapsed time spent in this place.
 B = Non-inter-level travel time spent in this place.
 C = Inter-level travel time spent in this place.
 D = Time resting spent in this place.
 E = Time spent auto-exploring this place.
 F = Levels seen in this place.
 G = Mean time per level.
                   A        B        C        D        E       F      G
               +--------+--------+--------+--------+--------+-----+--------+
         Total |    806 |    795 |     11 |      2 |    626 |   2 |  403.0 |
       Dungeon |    806 |    795 |     11 |      2 |    626 |   2 |  403.0 |
               +--------+--------+--------+--------+--------+-----+--------+

Top non-repeatable levels by time:
     D:1: 671 daAuts
     D:2: 134 daAuts
